[Event "*** Titled Tuesday Blitz"]
[Site "Chess.com"]
[Date "2020.04.07"]
[Round "7"]
[White "Martins-BR"]
[Black "omidnoroozi21"]
[Result "0-1"]
[WhiteElo "2280"]
[BlackElo "2557"]
[TimeControl "180+1"]
[EndTime "14:17:03 PDT"]
[Termination "omidnoroozi21 won by resignation"]

1. e4 e5 2. Nf3 Nc6 3. d4 exd4 4.
Nxd4 Bc5 5. Be3 Qf6 6. c3 Nge7 7. g3 b6 8. Bg2 Bb7 9. O-O O-O-O 10. f4 g6 11. e5 Qg7 12. b4 Bxd4 13. cxd4 Nxb4 14. Bxb7+ Kxb7 15. Nc3 Nbd5 16. Nxd5 Nxd5 17. Qf3 c6 18. Bd2 f5 19. a4 h5 20. h4 Qf7 21. Rfb1 Nc7 22.
Bb4 Qd5 23. Qe3 Ne6 24. Rd1 Rhe8 25. Bd6 Nc7 26. Bxc7 Kxc7 27. a5 b5 28. Rac1 d6 29.
Qf2 dxe5 30. dxe5 Qxd1+ 31. Rxd1 Rxd1+ 32. Kh2 Kb7 33. Qa2 Red8 34. a6+ Kb6 35. Qf2+ c5 36. Qf3 R8d2+ 37. Kh3 Re1 38. Qb7+ Ka5 39. Qc7+ Kb4 40. Qc6 c4 41. e6 c3 0-1

[Event "*** Titled Tuesday Blitz"]
[Site "Chess.com"]
[Date "2020.04.07"]
[Round "7"]
[White "SPEEDSKATER"]
[Black "OparinGrigoriy"]
[Result "0-1"]
[WhiteElo "2790"]
[BlackElo "2982"]
[TimeControl "180+1"]
[EndTime "14:17:04 PDT"]
[Termination "OparinGrigoriy won by resignation"]

1. d4 Nf6 2. c4 e6 3. Nf3 d5 4.
Nc3 Be7 5. Bf4 O-O 6. Rc1 dxc4 7. e4 c5 8. Bxc4 cxd4 9. Nxd4 a6 10. Be2 b5 11. e5 Nfd7 12. Bf3 Ra7 13. O-O Bb7 14. Ne4 Nb6 15. b3 Nd5 16. Bg3 b4 17. Qe2 a5 18.
Rfd1 Ba6 19. Qb2 Rc7 20. Nd6 Rxc1 21. Rxc1 Nc3 22. Qd2 Qb6 23. Ne2 Bxe2 24. Bxe2 Nc6 25. Nc4 Qc5 26. Bf3 Rd8 27. Qb2 Nd4 28. Nd2 Bg5 0-1

[Event "*** Titled Tuesday Blitz"]
[Site "Chess.com"]
[Date "2020.04.07"]
[Round "7"]
[White "vugarrasulov"]
[Black "praveenb2002"]
[Result "0-1"]
[WhiteElo "2757"]
[BlackElo "2642"]
[TimeControl "180+1"]
[EndTime "14:17:04 PDT"]
[Termination "praveenb2002 won by resignation"]

1. e4 c5 2. Nf3 Nc6 3. c3 Nf6 4. e5 Nd5 5. Bc4 Nb6 6. Bb3 d5 7. exd6 Qxd6 8. Na3 Bg4 9. h3 Bh5 10. O-O e6 11. d4 cxd4 12. g4 Bg6 13. Nb5 Qd8 14.
Bf4 Rc8 15. Nfxd4 Nxd4 16. Qxd4 Qxd4 17. Nxd4 Bc5 18. Nb5 Bd3 19. Nc7+ Rxc7 20. Bxc7 Bxf1 21. Kxf1 Ke7 22. Rd1 Rc8 23. Bf4 a5 24. a3 a4 25.
Ba2 Rd8 26. Rxd8 Kxd8 27. Ke2 Nd5 28. Bxd5 exd5 29. Be3 Be7 30. Kd3 Kd7 31. f4 Kc6 32. f5 g6 33. Bc1 gxf5 34. gxf5 Bf6 35. Be3 h5 36. Bd4 Bxd4 37. Kxd4 Kd6 38. c4 dxc4 39.
Kxc4 Ke5 40. Kb5 Kxf5 41. Kxa4 Ke4 42. Kb5 f5 43. Kb6 f4 44. a4 f3 45. a5 f2 46.
Kxb7 f1=Q 47. a6 Qb5+ 0-1

[Event "*** Titled Tuesday Blitz"]
[Site "Chess.com"]
[Date "2020.04.07"]
[Round "7"]
[White "Stouuf"]
[Black "drinbet"]
[Result "0-1"]
[WhiteElo "2486"]
[BlackElo "2287"]
[TimeControl "180+1"]
[EndTime "14:17:11 PDT"]
[Termination "drinbet won by checkmate"]

1. h4 d5 2. h5 e5 3. b3 Nc6 4. Bb2 f6 5. e3 Be6 6. Nf3 Bd6 7. d4 e4 8. Nfd2 Nce7 9. c4 c6 10. Ba3 Bxa3 11. Nxa3 f5 12. cxd5 Nxd5 13. Nac4 Ngf6 14. h6 g6 15. Ne5 O-O 16. Ndc4 f4 17. Qd2 fxe3 18.
fxe3 Rc8 19. O-O-O b5 20. Nb2 c5 21. Bxb5 cxd4+ 22. Bc4 Nxe3 23. Qxd4 Nxd1 24. Qxd8 Rfxd8 25. Nxd1 Rc5 26. Kb2 Rxe5 27. Ne3 Bxc4 28. Nf5 Rxf5 29. Rh5 Rxh5 30. a4 Bxb3 31. Ka3 Bxa4 32. g4 Nxg4 33. Kb4 Rb5+ 34. Kc4 e3 35. Kc3 e2 36. Kc4 Rd6 37. Kc3 e1=Q+ 38.
Kc4 Qc1# 0-1

[Event "*** Titled Tuesday Blitz"]
[Site "Chess.com"]
[Date "2020.04.07"]
[Round "7"]
[White "checkmatequen"]
[Black "TregubovP"]
[Result "1-0"]
[WhiteElo "2270"]
[BlackElo "2451"]
[TimeControl "180+1"]
[EndTime "14:17:13 PDT"]
[Termination "checkmatequen won by resignation"]

1. e4 e5 2. Nf3 Nf6 3. d4 Nxe4 4. dxe5 d5 5. Nbd2 Nc5 6. Nb3 Ne6 7. Nbd4 c5 8. Bb5+ Bd7 9. Nxe6 fxe6 10. Bxd7+ Qxd7 11. Ng5 Be7 12. Qh5+ g6 13. Qf3 Rf8 14. Qh3 Bxg5 15. Bxg5 Nc6 16. Bf6 Rf7 17. O-O Ne7 18. Qa3 b6 19. c4 dxc4 20. Rad1 Nd5 21. Bg5 Rf5 22. f4 Qf7 23. Qf3 Qf8 24. Rxd5 Rxg5 25. Rd6 1-0

[Event "*** Titled Tuesday Blitz"]
[Site "Chess.com"]
[Date "2020.04.07"]
[Round "7"]
[White "2165149677570"]
[Black "violetflower04"]
[Result "1-0"]
[WhiteElo "2373"]
[BlackElo "2198"]
[TimeControl "180+1"]
[EndTime "14:17:13 PDT"]
[Termination "2165149677570 won on time"]

1. e4 c5 2. Nf3 d6 3. Bb5+ Bd7 4. Bxd7+ Qxd7 5. c4 Nc6 6. d4 cxd4 7. Nxd4 g6 8.
O-O Bg7 9. Be3 Nf6 10. f3 O-O 11. Nc3 Nxd4 12. Bxd4 Qd8 13. Qb3 Qc7 14. Rac1 Nxe4 15. Bxg7 Nc5 16. Nd5 Nxb3 17. Nxc7 Nxc1 18. Bxf8 Ne2+ 19.
Kf2 Rc8 20. Kxe2 Kxf8 21. Nd5 Rxc4 22. Nc3 a6 23. Kd3 Rc5 24. Re1 e6 25. Re4 d5 26.
Rb4 b5 27. Rh4 h5 28. a4 Ke7 29. axb5 axb5 30. Rb4 Rc4 31. Rxb5 Kd6 32. g3 Rc6 33. Ra5 Rb6 34. Ra2 e5 35. Na4 Rb3+ 36. Kc2 Rxf3 37. b4 Rf2+ 38. Kb3 Rf3+ 39. Kb2 e4 40. Nc3 e3 41. Ne2 Rf2 42. Kc3 Rxh2 43. Kd4 f6 44. b5 1-0

[Event "*** Titled Tuesday Blitz"]
[Site "Chess.com"]
[Date "2020.04.07"]
[Round "7"]
[White "narutosmith"]
[Black "Gerasimenyuk_Miha"]
[Result "0-1"]
[WhiteElo "2205"]
[BlackElo "2377"]
[TimeControl "180+1"]
[EndTime "14:17:14 PDT"]
[Termination "Gerasimenyuk_Miha won by checkmate"]

1. c4 c5 2. Nc3 Nc6 3. g3 d6 4. Bg2 g6 5. Nf3 Bg7 6. O-O Nh6 7.
e3 Nf5 8. g4 Nh6 9. h3 O-O 10.
Rb1 f5 11. g5 Nf7 12. d4 cxd4 13. exd4 e5 14. d5 Ne7 15. b3 e4 16. Nd4 Ne5 17.
Nde2 Nd3 18. Bd2 f4 19. Bxe4 Nf5 20. Bxd3 Qxg5+ 21. Kh1 Qh4 22. Bxf4 Qxh3+ 23. Bh2 Nh4 24. Be4 Bf5 25. Rg1 Bxe4+ 26. Nxe4 Qf3+ 27. Rg2 Qxg2# 0-1

[Event "*** Titled Tuesday Blitz"]
[Site "Chess.com"]
[Date "2020.04.07"]
[Round "7"]
[White "PetrolulSah"]
[Black "Charlottemillard17"]
[Result "1-0"]
[WhiteElo "2231"]
[BlackElo "1319"]
[TimeControl "180+1"]
[EndTime "14:17:14 PDT"]
[Termination "PetrolulSah won by checkmate"]

1. d4 d5 2. c4 c6 3. Nf3 Nf6 4. Nc3 e6 5. g3 Be7 6. Bg2 O-O 7. O-O Nbd7 8. Qc2 h6 9. Rd1 b6 10. cxd5 exd5 11. Bf4 Bb7 12. Ne5 Nxe5 13. Bxe5 Ng4 14. e4 Nxe5 15. dxe5 d4 16. e6 fxe6 17. e5 c5 18. Bxb7 Rb8 19. Bg2 Qc7 20. Ne4 Qxe5 21. Re1 Qh5 22. f4 Rf5 23. Nf2 Rbf8 24. Rxe6 R8f7 25.
Rae1 Bf6 26. g4 Qh4 27. gxf5 Qxf4 28. Qb3 Kh7 29. Re8 Qc7 30. Bd5 Re7 31. Bg8+ Kh8 32. Bh7+ Kxh7 33. Qg8# 1-0

[Event "*** Titled Tuesday Blitz"]
[Site "Chess.com"]
[Date "2020.04.07"]
[Round "7"]
[White "yawnpawn"]
[Black "HElissalt"]
[Result "0-1"]
[WhiteElo "1751"]
[BlackElo "2123"]
[TimeControl "180+1"]
[EndTime "14:17:15 PDT"]
[Termination "HElissalt won by resignation"]

1. e4 c5 2. Nf3 e6 3. c3 Nf6 4. e5 Nd5 5. d4 cxd4 6. cxd4 b6 7.
Nc3 Bb7 8. Bg5 Be7 9. Bxe7 Qxe7 10. Bd3 O-O 11. O-O f6 12. exf6 gxf6 13. Ne4 Nc6 14.
Ng3 Kh8 15. Re1 Rg8 16. a3 Nd8 17. Nh4 Qf8 18. Qh5 f5 19. Ngxf5 Nf4 20. Qxh7+ Kxh7 21. Ne7+ Nxd3 0-1

[Event "*** Titled Tuesday Blitz"]
[Site "Chess.com"]
[Date "2020.04.07"]
[Round "7"]
[White "anesar92"]
[Black "Shield12"]
[Result "0-1"]
[WhiteElo "2731"]
[BlackElo "2932"]
[TimeControl "180+1"]
[EndTime "14:17:17 PDT"]
[Termination "Shield12 won by resignation"]

1. e4 e5 2. Nf3 Nc6 3. Bb5 a6 4.
Bxc6 dxc6 5. O-O Bg4 6. h3 h5 7.
d3 Qf6 8. Be3 Bxf3 9. Qxf3 Qxf3 10. gxf3 Ne7 11. Nd2 Ng6 12. Rfb1 f6 13. b4 Be7 14.
Kf1 Nf8 15. a4 Ne6 16. Ke2 Kf7 17. c3 Rhd8 18. Nc4 b6 19. Rd1 g6 20. Nd2 f5 21.
Nc4 Bf6 22. Rg1 Rd7 23. Nb2 Rad8 24. Rac1 c5 25. bxc5 f4 26. c6 Rd6 27. Bd2 Nc5 28.
d4 exd4 29. Bxf4 d3+ 30. Kd1 Rxc6 31. e5 Be7 32. c4 Ne6 33. Bd2 Ba3 34. Bc3 Nf4 35.
Kd2 Ne2 36. Rge1 Nxc3 0-1

[Event "*** Titled Tuesday Blitz"]
[Site "Chess.com"]
[Date "2020.04.07"]
[Round "7"]
[White "MarcoRiehle"]
[Black "VladDobrov"]
[Result "0-1"]
[WhiteElo "2712"]
[BlackElo "2869"]
[TimeControl "180+1"]
[EndTime "14:17:17 PDT"]
[Termination "VladDobrov won by resignation"]

1. e4 e5 2. Nf3 Nc6 3. Bc4 Bc5 4. c3 Nf6 5. d4 exd4 6. cxd4 Bb4+ 7. Nbd2 d5 8. exd5 Nxd5 9. O-O O-O 10. a3 Be7 11. Re1 Be6 12. Ne4 Ne3 13. Bxe3 Bxc4 14. Rc1 Bd5 15. Nc3 Bf6 16. Ne5 Ne7 17. Ng4 Kh8 18.
Nxf6 gxf6 19. Qh5 Rg8 20. g3 c6 21. Bf4 Qd7 22. Be5 Rg6 23. Bxf6+ Rxf6 24. Qe5 Qe6 25. Qc7 Qf5 26. Re2 Ng6 27. Rce1 Rg8 28. Nxd5 cxd5 29. Re8 Qxf2+ 30. Kh1 Rxe8 31. Rxe8+ Kg7 32. Qc1 Rc6 0-1

[Event "*** Titled Tuesday Blitz"]
[Site "Chess.com"]
[Date "2020.04.07"]
[Round "7"]
[White "olksuna"]
[Black "TheBigBoss04"]
[Result "0-1"]
[WhiteElo "2605"]
[BlackElo "2787"]
[TimeControl "180+1"]
[EndTime "14:17:17 PDT"]
[Termination "TheBigBoss04 won by resignation"]

1. c4 g6 2. Nc3 Bg7 3. g3 c5 4. Bg2 Nc6 5. d3 e5 6. Qd2 Nge7 7. b3 d6 8. Bb2 Be6 9. Nd5 Qd7 10. e3 O-O 11. h4 Bxd5 12. cxd5 Nb4 13. e4 f5 14.
Ne2 f4 15. a3 f3 16. Bh3 Qb5 17. axb4 fxe2 18. Be6+ Kh8 19. h5 cxb4 20. hxg6 Nxg6 21. Kxe2 Rf6 22. Rxh7+ Kxh7 23. Rh1+ Nh4 24. Rxh4+ Bh6 25.
Rxh6+ Rxh6 26. Bf5+ Rg6 27. Qg5 Qe8 28. f4 Kg7 29.
Bxg6 Qxg6 30. Qxg6+ Kxg6 31. fxe5 dxe5 32. Bxe5 a5 33. Kd2 b5 34. Bc7 a4 35. Kc2 Kf7 36. Bd6 Rc8+ 37. Kb1 Rc3 38. d4 Rxb3+ 39. Ka2 Rd3 0-1

[Event "*** Titled Tuesday Blitz"]
[Site "Chess.com"]
[Date "2020.04.07"]
[Round "7"]
[White "BillieKimbah"]
[Black "Oneofmyturns"]
[Result "1-0"]
[WhiteElo "2853"]
[BlackElo "2610"]
[TimeControl "180+1"]
[EndTime "14:17:18 PDT"]
[Termination "BillieKimbah won by resignation"]

1. d4 Nf6 2. Nf3 e6 3. Bf4 d5 4. e3 Bd6 5. Nbd2 c5 6. dxc5 Bxc5 7. c4 O-O 8. a3 Nc6 9. h3 a6 10. Be2 Qe7 11. O-O e5 12. Bg5 e4 13. Ne1 d4 14.
b4 Ba7 15. exd4 Nxd4 16. Nc2 Rd8 17. Nxd4 Bxd4 18. Ra2 e3 19. Nf3 exf2+ 20. Kh1 Be3 21. Bxf6 Qxf6 22. Qb3 Qf4 23. Raa1 Be6 24. Rad1 Re8 25.
Qc3 Qg3 26. Qxe3 Bxh3 27. Qxf2 Qxg2+ 28. Qxg2 Bxg2+ 29. Kxg2 Rxe2+ 30. Rf2 Re3 31. Ng5 f6 32. Nf3 Rxa3 33. Rd7 b6 34. Nd4 Re8 35. Nf5 g6 36.
Nh6+ Kh8 37. c5 bxc5 38. bxc5 f5 39. c6 Rc3 40. c7 1-0

[Event "*** Titled Tuesday Blitz"]
[Site "Chess.com"]
[Date "2020.04.07"]
[Round "7"]
[White "JozefKneht"]
[Black "Enriquack"]
[Result "1-0"]
[WhiteElo "2575"]
[BlackElo "2376"]
[TimeControl "180+1"]
[EndTime "14:17:18 PDT"]
[Termination "JozefKneht won by resignation"]

1. e4 c5 2. Nf3 e6 3. d4 cxd4 4. Nxd4 Nc6 5. Nc3 Qc7 6. Be2 Nf6 7. O-O Be7 8. Kh1 O-O 9. f4 d6 10. Be3 Nxd4 11. Qxd4 b6 12. Bf3 Ba6 13. Rfd1 Rfd8 14. e5 dxe5 15. Qxe5 Rac8 16. Rxd8+ Bxd8 17. Rd1 Be7 18. h3 Kf8 19. Rd2 Nd7 20. Qh5 Nf6 21. Qe5 Nd7 22.
Qxc7 Rxc7 23. Ne4 Bb7 24. c3 Ke8 25. Kg1 Nc5 26. Bxc5 Bxe4 27. Bxb6 Rd7 28. Rxd7 Kxd7 29. Bxa7 Bxf3 30. gxf3 1-0

[Event "*** Titled Tuesday Blitz"]
[Site "Chess.com"]
[Date "2020.04.07"]
[Round "7"]
[White "LogoCzar"]
[Black "goodluck06"]
[Result "1-0"]
[WhiteElo "2422"]
[BlackElo "2586"]
[TimeControl "180+1"]
[EndTime "14:17:20 PDT"]
[Termination "LogoCzar won by resignation"]

1. e4 c5 2. Nf3 d6 3. d4 cxd4 4. Nxd4 Nf6 5. Nc3 a6 6. Bc4 e6 7. Bb3 Nbd7 8. f4 Nc5 9. f5 Be7 10. Qf3 O-O 11. Be3 e5 12. Nde2 b5 13. O-O-O Nxb3+ 14.
axb3 Bb7 15. g4 b4 16. Nd5 Nxd5 17. exd5 Qa5 18. Kb1 Qb5 19. g5 f6 20. g6 Rfc8 21. Qh5 h6 22. Bxh6 gxh6 23. Qxh6 Bxd5 24. c4 Rxc4 25.
bxc4 Be4+ 26. Kc1 Qxc4+ 27. Kd2 Bf3 28. Qh7+ Kf8 29. g7+ Ke8 30. g8=Q+ Qxg8 31. Qxg8+ Kd7 32. Qe6+ Kd8 33. Rc1 1-0

[Event "*** Titled Tuesday Blitz"]
[Site "Chess.com"]
[Date "2020.04.07"]
[Round "7"]
[White "keepitcoming"]
[Black "Berant"]
[Result "0-1"]
[WhiteElo "2506"]
[BlackElo "2398"]
[TimeControl "180+1"]
[EndTime "14:17:20 PDT"]
[Termination "Berant won by resignation"]

1. d4 Nf6 2. Nf3 e6 3. e3 d5 4.
Bd3 c5 5. b3 Nc6 6. O-O cxd4 7.
exd4 Be7 8. Bb2 O-O 9. Re1 Qc7 10. Ne5 h6 11. a3 b6 12. Nd2 Bb7 13. f4 Rac8 14. c4 dxc4 15. bxc4 Na5 16. Rc1 Rfd8 17. Qe2 Nd7 18. Nxf7 Rf8 19. Nxh6+ gxh6 20. Qxe6+ Rf7 21. Bg6 Rf8 22. Bxf7+ Rxf7 23. d5 Nf8 24. Qxh6 Rh7 25. Rxe7 Qc5+ 26. Kh1 Qxe7 27. d6 Bxg2+ 28. Kxg2 Qe2+ 29.
Kh1 Rxh6 30. Rg1+ Ng6 0-1

[Event "*** Titled Tuesday Blitz"]
[Site "Chess.com"]
[Date "2020.04.07"]
[Round "7"]
[White "JakeCarlosBanawa"]
[Black "garfield_pg"]
[Result "0-1"]
[WhiteElo "2351"]
[BlackElo "2234"]
[TimeControl "180+1"]
[EndTime "14:17:20 PDT"]
[Termination "garfield_pg won by resignation"]

1. d4 Nf6 2. c4 g6 3. Nc3 Bg7 4. e4 d6 5. Nf3 O-O 6. Be2 c5 7. d5 b5 8. cxb5 a6 9. bxa6 Qa5 10. O-O Bxa6 11. Bd2 Nbd7 12. h3 Rfb8 13. Rb1 Bxe2 14.
Qxe2 Ne8 15. a3 Rb3 16. Bg5 Kf8 17. Nd2 Rb7 18. Nc4 Qa6 19. Rfe1 Ne5 20. Nxe5 Bxe5 21. Qd2 Rab8 22. Be3 Rb3 23. f4 Bxc3 24. bxc3 Rxb1 25. e5 Rxe1+ 26. Qxe1 Qd3 27. exd6 Nxd6 28. Qf2 Rb1+ 29. Kh2 Rf1 30. Qg3 Nf5 0-1

[Event "*** Titled Tuesday Blitz"]
[Site "Chess.com"]
[Date "2020.04.07"]
[Round "7"]
[White "indfraeng"]
[Black "beccrajoy"]
[Result "1-0"]
[WhiteElo "2234"]
[BlackElo "1785"]
[TimeControl "180+1"]
[EndTime "14:17:20 PDT"]
[Termination "indfraeng won by resignation"]

1. d4 d5 2. c4 c6 3. cxd5 cxd5 4. Bf4 Nf6 5. e3 Nc6 6. Nc3 a6 7. Bd3 Bg4 8. f3 Bh5 9. Nge2 e6 10. O-O Bd6 11.
Qb3 Rb8 12. Bxd6 Qxd6 13. Nf4 Bg6 14. Rfc1 Bxd3 15. Nxd3 e5 16. dxe5 Nxe5 17. Nxe5 Qxe5 18. Re1 O-O 19. Rad1 Rfd8 20. Rd3 Rd7 21. Red1 Rbd8 22. Qa4 Qe6 23. Ne2 b5 24. Qd4 h6 25. Nf4 Qc6 26.
Qe5 Re8 27. Qc3 Qxc3 28. Rxc3 b4 29. Rcd3 a5 30. Kf2 Red8 31. a3 g5 32. Ne2 g4 33.
axb4 axb4 34. Nf4 h5 35. R1d2 Kf8 36. Rd4 b3 37. R4d3 Rc8 38. Rxb3 1-0

[Event "*** Titled Tuesday Blitz"]
[Site "Chess.com"]
[Date "2020.04.07"]
[Round "7"]
[White "Chessterra87"]
[Black "hansen"]
[Result "0-1"]
[WhiteElo "2333"]
[BlackElo "3000"]
[TimeControl "180+1"]
[EndTime "14:17:21 PDT"]
[Termination "hansen won by resignation"]

1. e4 c5 2. c3 Nf6 3. e5 Nd5 4. Bc4 Nb6 5. Bb3 c4 6. Bc2 Nc6 7. Nf3 d5 8. exd6 Qxd6 9. O-O Bg4 10. b3 cxb3 11. Bxb3 Qf6 12. d4 e6 13. Nbd2 Be7 14.
Ne4 Qg6 15. Bc2 Bf5 16. Re1 O-O 17. Bg5 Bxg5 18. Nfxg5 Nd5 19. Qf3 h6 20. Nh3 Rfd8 21.
Nf4 Nxf4 22. Qxf4 Rac8 23. Rac1 Ne7 24. Nd6 Bxc2 25. Nxc8 Rxc8 26. Qd6 Nd5 27. c4 Rxc4 28. Qb8+ Kh7 29. Qxb7 Be4 30. g3 Rxc1 31. Rxc1 Nf4 32. Qb3 Ne2+ 0-1

[Event "*** Titled Tuesday Blitz"]
[Site "Chess.com"]
[Date "2020.04.07"]
[Round "7"]
[White "JesseFebruary"]
[Black "MalyDominator"]
[Result "0-1"]
[WhiteElo "1758"]
[BlackElo "2247"]
[TimeControl "180+1"]
[EndTime "14:17:22 PDT"]
[Termination "MalyDominator won by resignation"]

1. e4 c5 2. Nf3 Nc6 3. d4 cxd4 4. Nxd4 Nf6 5. Nc3 d6 6. Nde2 g6 7. g3 Bg7 8. Bg2 O-O 9. h3 Rb8 10. a4 Be6 11. O-O a6 12. Be3 b5 13. axb5 axb5 14.
Ra6 Qc8 15. Qa1 Nb4 16. Ra5 Nxc2 17. Qc1 Nxe3 18. Qxe3 b4 19. Nd5 Nxd5 20. exd5 Bxh3 21. Qxe7 Bxg2 22. Kxg2 Re8 23. Qxd6 Rxe2 24. Ra7 Qf8 25. Qc7 Rxb2 26. d6 Rd8 27. Rd1 b3 28. d7 Rc2 29. Qb7 b2 30. Ra2 Rc1 0-1

[Event "*** Titled Tuesday Blitz"]
[Site "Chess.com"]
[Date "2020.04.07"]
[Round "7"]
[White "vlad_Sid"]
[Black "plumalka"]
[Result "1-0"]
[WhiteElo "2640"]
[BlackElo "2409"]
[TimeControl "180+1"]
[EndTime "14:17:24 PDT"]
[Termination "vlad_Sid won by checkmate"]

1. c4 c5 2. g3 g6 3. Bg2 Bg7 4. Nc3 Nc6 5. Nf3 e5 6. O-O Nge7 7. Ne1 d6 8. Nc2 Be6 9. Ne3 a6 10. d3 O-O 11. Rb1 Rb8 12. a3 b5 13. Bd2 Nd4 14. Ncd5 f5 15. Nxe7+ Qxe7 16. Nd5 Bxd5 17. Bxd5+ Kh8 18.
b4 f4 19. e3 fxe3 20. fxe3 Rxf1+ 21. Qxf1 Rf8 22. Qd1 Nf5 23. Qe2 bxc4 24. dxc4 cxb4 25. axb4 Bh6 26. Rf1 Qa7 27. g4 Ne7 28. Rxf8+ Bxf8 29. Qf3 Bg7 30. Qf7 Qd7 31. h3 Qd8 32. Be6 h6 33. Be1 Nc6 34. b5 axb5 35. cxb5 Na5 36. Bxa5 Qxa5 37.
Qg8# 1-0

[Event "*** Titled Tuesday Blitz"]
[Site "Chess.com"]
[Date "2020.04.07"]
[Round "7"]
[White "Andro2"]
[Black "chiwii"]
[Result "1-0"]
[WhiteElo "2421"]
[BlackElo "2238"]
[TimeControl "180+1"]
[EndTime "14:17:24 PDT"]
[Termination "Andro2 won by resignation"]

1. e4 c5 2. Nf3 e6 3. d4 cxd4 4. Nxd4 a6 5. Nc3 Qc7 6. Qd3 Nf6 7. a3 Nc6 8. Nxc6 bxc6 9. Qg3 Qxg3 10. hxg3 e5 11. f3 d5 12. Bg5 d4 13. Na4 Nd7 14. O-O-O f6 15. Bd2 Rb8 16. g4 c5 17. Bc4 Nb6 18.
Nxb6 Rxb6 19. Ba5 Rb8 20. g5 Be7 21. g6 h6 22. g4 Bd8 23. Bd2 Kd7 24. Bxh6 Kd6 25.
Bxg7 Rxh1 26. Rxh1 Be6 27. Bf8+ Kd7 28. Rh7+ Kc6 29.
Bxe6 f5 30. Bd5+ Kb6 31. Bd6 Bg5+ 32. Kb1 Rc8 33. gxf5 c4 34. Rb7+ Ka5 35. Bb4+ Ka4 36. b3+ 1-0

[Event "*** Titled Tuesday Blitz"]
[Site "Chess.com"]
[Date "2020.04.07"]
[Round "7"]
[White "dmosesov"]
[Black "AlexOstrovskiy"]
[Result "0-1"]
[WhiteElo "2491"]
[BlackElo "2614"]
[TimeControl "180+1"]
[EndTime "14:17:25 PDT"]
[Termination "AlexOstrovskiy won by resignation"]

1. d4 d5 2. c4 dxc4 3. e4 Nc6 4. Nf3 Bg4 5. d5 Ne5 6. Bf4 Ng6 7. Be3 e5 8. Bxc4 a6 9. Nc3 Nf6 10. h3 Bd7 11.
Rc1 Bd6 12. O-O O-O 13. Be2 Qe7 14. Nd2 b5 15. a3 Nf4 16. Bf3 g5 17. Nb3 Kh8 18.
Na5 Rg8 19. Bg4 Bxg4 20. hxg4 Qd7 21. f3 h5 22. gxh5 g4 23. Nc6 gxf3 24. Qxf3 Rxg2+ 25. Kh1 Rag8 26. Bxf4 exf4 27. Rg1 R8g3 28. Qxg2 Rxg2 29.
Rxg2 Qh3+ 0-1

[Event "*** Titled Tuesday Blitz"]
[Site "Chess.com"]
[Date "2020.04.07"]
[Round "7"]
[White "JoakimVonAnd"]
[Black "AllStarShark"]
[Result "1-0"]
[WhiteElo "2488"]
[BlackElo "2328"]
[TimeControl "180+1"]
[EndTime "14:17:25 PDT"]
[Termination "JoakimVonAnd won by resignation"]

1. d4 d5 2. Nf3 Nf6 3. Bf4 e6 4. e3 Bd6 5. Bg3 O-O 6. c4 c5 7. cxd5 exd5 8. Nc3 cxd4 9. Nxd4 Nc6 10. Be2 Nxd4 11. Qxd4 Be6 12. O-O Bxg3 13. hxg3 Qe7 14.
Rfd1 Rfd8 15. Bf3 a6 16. Qe5 Qb4 17. Ne2 Nd7 18. Qc3 Qxc3 19. Nxc3 Nf6 20. Rd4 Rd7 21. Rad1 Rad8 22. a3 Kf8 23. Na4 Ke7 24. Nc5 Rc7 25. b4 a5 26. e4 axb4 27. axb4 b6 28.
Nxe6 fxe6 29. exd5 exd5 30. g4 h6 31. Re1+ Kf7 32.
Re5 Rc4 33. Bxd5+ Rxd5 34. Rexd5 Nxd5 35. Rxc4 b5 36. Rc5 Nf4 37. Rxb5 g5 38. Rf5+ Kg6 39. Rxf4 gxf4 40. Kf1 1-0

[Event "*** Titled Tuesday Blitz"]
[Site "Chess.com"]
[Date "2020.04.07"]
[Round "7"]
[White "MilanovicDan"]
[Black "Konavets"]
[Result "0-1"]
[WhiteElo "2399"]
[BlackElo "3005"]
[TimeControl "180+1"]
[EndTime "14:17:26 PDT"]
[Termination "Konavets won on time"]

1. d4 Nf6 2. c4 e5 3. dxe5 Ng4 4.
Nh3 Nxe5 5. Nf4 Nxc4 6. e4 Ne5 7.
Be2 Nbc6 8. O-O Bc5 9. Nc3 a5 10. Nfd5 d6 11. Nb5 O-O 12. Nbxc7 Rb8 13. Nb5 f5 14. exf5 Bxf5 15. Be3 Qh4 16. Rc1 Be4 17. f3 Bxd5 18. Qxd5+ Kh8 19. Bxc5 dxc5 20. Qxc5 Ng6 21. Rc4 Nf4 22. Bd1 Qh6 23. Nc3 Nd3 24. Qb6 Rf6 25.
Nd5 Rg6 26. Bc2 Qd2 27. g3 Rh6 28. h4 Rg6 29. Qc7 Rf8 30. h5 Rg5 31. Nb6 Nce5 0-1

[Event "*** Titled Tuesday Blitz"]
[Site "Chess.com"]
[Date "2020.04.07"]
[Round "7"]
[White "BogdanDeac"]
[Black "wonderfultime"]
[Result "0-1"]
[WhiteElo "2616"]
[BlackElo "2954"]
[TimeControl "180+1"]
[EndTime "14:17:26 PDT"]
[Termination "wonderfultime won by resignation"]

1. Nf3 d5 2. d4 Nf6 3. c4 c6 4. g3 Bg4 5. Ne5 Bh5 6. cxd5 Qxd5 7. f3 Nbd7 8. Nc3 Qa5 9. Qb3 Qb6 10. g4 Bg6 11.
Qxb6 axb6 12. Nxg6 hxg6 13. g5 Nd5 14. Nxd5 cxd5 15.
Bf4 e6 16. e3 Bb4+ 17. Kd1 Ke7 18. a3 Bd6 19. Bxd6+ Kxd6 20. f4 f6 21. h3 fxg5 22.
fxg5 e5 23. Rc1 exd4 24. exd4 Rh4 25. Rc3 Rxd4+ 26. Rd3 Raa4 27. Rh2 Ne5 28. Rxd4 Rxd4+ 29. Ke1 Nf3+ 0-1

[Event "*** Titled Tuesday Blitz"]
[Site "Chess.com"]
[Date "2020.04.07"]
[Round "7"]
[White "AndrewDGreen"]
[Black "AlanZhang"]
[Result "1-0"]
[WhiteElo "2326"]
[BlackElo "2143"]
[TimeControl "180+1"]
[EndTime "14:17:26 PDT"]
[Termination "AndrewDGreen won by resignation"]

1. d4 Nf6 2. Nf3 d5 3. Bf4 e6 4. e3 Be7 5. Ne5 O-O 6. Bd3 c5 7. c3 Nc6 8. Nd2 c4 9. Bc2 Bd6 10. h4 Qc7 11. Ndf3 b5 12. h5 a5 13. g4 Ne4 14. g5 f6 15. gxf6 gxf6 16. Rg1+ Kh8 17.
Bh6 fxe5 18. Bg7+ Qxg7 19. Rxg7 Kxg7 20. Bxe4 dxe4 21. Nxe5 Bxe5 22. Qg4+ Kh8 23. Qxe4 Bb7 24. dxe5 Rad8 25. Rd1 Rg8 26. Rxd8 Nxd8 27. Qf4 Nc6 28.
Qf6+ Rg7 29. h6 1-0

[Event "*** Titled Tuesday Blitz"]
[Site "Chess.com"]
[Date "2020.04.07"]
[Round "7"]
[White "rubhani"]
[Black "AndreyNeves"]
[Result "1-0"]
[WhiteElo "2476"]
[BlackElo "2201"]
[TimeControl "180+1"]
[EndTime "14:17:27 PDT"]
[Termination "rubhani won by checkmate"]

1. b4 Nf6 2. Bb2 g6 3. c4 Bg7 4.
Nf3 O-O 5. e3 a5 6. a3 axb4 7. axb4 Rxa1 8. Bxa1 d6 9. Be2 e5 10.
O-O c6 11. Nc3 h6 12. Qb3 Be6 13. b5 c5 14. d4 exd4 15. exd4 Nh5 16. Rd1 Nf4 17.
Bf1 Bg4 18. Ne4 Re8 19. Ng3 Qe7 20. h3 Bxf3 21. Qxf3 g5 22. Nf5 Qd7 23. Nxg7 Kxg7 24. dxc5+ f6 25. Rxd6 Qc7 26. Rxf6 Kg8 27. Rxh6 Qxc5 28.
Qxb7 Re1 29. Qg7# 1-0

[Event "*** Titled Tuesday Blitz"]
[Site "Chess.com"]
[Date "2020.04.07"]
[Round "7"]
[White "VeraLevel"]
[Black "jefferyx"]
[Result "1-0"]
[WhiteElo "2739"]
[BlackElo "2896"]
[TimeControl "180+1"]
[EndTime "14:17:28 PDT"]
[Termination "VeraLevel won by resignation"]

1. d4 d5 2. c4 dxc4 3. Nf3 Nf6 4. e3 e6 5. Bxc4 c5 6. O-O Nc6 7. Qe2 a6 8. a4 Qc7 9. Rd1 Bd6 10. dxc5 Bxc5 11.
b3 O-O 12. Bb2 Be7 13. Nbd2 b6 14. Rac1 Bb7 15. Bd3 Qb8 16. Ne4 Nd5 17. Nfg5 h6 18.
Nxe6 fxe6 19. Qg4 Rf7 20. Qxe6 Na5 21. Qg6 Bb4 22. Ng5 hxg5 23. Qh7+ Kf8 24. Bg6 Rc7 25. Qh8+ Ke7 26. Qxg7+ Ke6 27. Qe5+ 1-0